 Dungeon Crawl Stone Soup version 0.30-a0-956-gcec3b41aec (webtiles) character file.

Game seed: 10447530373802098316

2055508 freelancePsychic the Acrobat (level 26, 243/243 (266) HPs)
             Began as a Minotaur Delver on Mar 27, 2023.
             Was the Champion of Ashenzari.
             Escaped with the Orb
             ... and 3 runes on Mar 29, 2023!
             The game lasted 01:41:52 (47002 turns).

freelancePsychic the Acrobat (Minotaur Delver)     Turns: 47002, Time: 01:41:53

HP:   243/243 (266) AC: 52    Str: 28    XL:     26   Next: 42%
MP:   18/18         EV: 28    Int: 10    God:    Ashenzari [******]
Gold: 3220          SH: 25    Dex: 24    Spells: 26/26 levels left

rFire   + + .      SeeInvis +    b - +10 morningstar "Eos" {elec, Halo rElec, Fort, Self} (curse)
rCold   . . .      Faith    .    Q - +5 Storm Queen's Shield {shock, Fly rElec, Self, Fort} (curse)
rNeg    . . .      Spirit   .    I - +15 plate armour "Unveiling Oracle" {Dex+2, Alch, Self} (curse)
rPois   +          Reflect  .    P - +3 hat "Prescient Affliction" {Will+, Evo, Self} (curse)
rElec   +          Rampage  .    H - +2 cloak of Curses and Power {Evo, Fort} (curse)
rCorr   +          Clarity  +    n - +2 pair of gloves of the Tethered Stoicism {infuse, Alch, Comp} (curse)
Will    ++...                    Z - +2 pair of boots "Omniscient Bad Feelings" {Fort, Alch} (curse) Stlth
                                 f - amulet of Vitality {RegenMP++ Regen++, Alch, Evo} (curse)
HPRegen 2.20/turn                Y - ring of Curses and Power {rPois rF++ rC- Str+6 Dex+3, Cun, Range} (curse)
MPRegen 0.96/turn                R - ring "Ensconced Regret" {rPois rC+ rCorr Int+3, Fort, Bglg} (curse)

@: flying, glowing, studying Necromancy, drained
A: horns 2, retaliatory headbutt, camouflage 1, deterioration 2, low MP 2
0: Orb of Zot
}: 3/15 runes: decaying, silver, gossamer
a: Renounce Religion, Shatter the Chains


You escaped.
You worshipped Ashenzari.
Ashenzari was exalted by your worship.
You visited 10 branches of the dungeon, and saw 49 of its levels.
You visited the Abyss 1 time.
You also visited: Ice Cave.

You collected 7151 gold pieces.
You spent 3931 gold pieces at shops.

Inventory:

Hand Weapons
 b - the cursed +10 morningstar "Eos" (weapon) {elec, Halo rElec, Fort, Self}
   (You found it on level 4 of the Dungeon)

   Halo:      It grants its wielder a halo, revealing invisible creatures and
   increasing accuracy against all within it other than the wielder.
   rElec:     It insulates you from electricity.
   It has a curse which improves the following skills: Fortitude: Armour and
   Shields.
   Introspection: Fighting and Spellcasting.
 u - the +9 eveningstar of Riwoiwurph {vamp, rPois rC+++ Int-2}
   (You acquired it on level 2 of the Realm of Zot)

   Int:       It affects your intelligence (-2).
   rC:        It renders you almost immune to cold.
   rPois:     It protects you from poison.
Missiles
 B - 7 throwing nets (quivered)
Armour
 n - the cursed +2 pair of gloves of the Tethered Stoicism (worn) {infuse, Alch, Comp}
   (You bought it in a shop on level 1 of the Depths)

   It has a curse which improves the following skills: Alchemy: Poison Magic and
   Transmutations.
   Companions: Summonings and Necromancy.
 H - the cursed +2 cloak of Curses and Power (worn) {Evo, Fort}
   (You found it on level 3 of the Dungeon)

   It has a curse which improves the following skills: Evocations: Evocations.
   Fortitude: Armour and Shields.
 I - the cursed +15 plate armour "Unveiling Oracle" (worn) {Dex+2, Alch, Self}
   (You found it on level 3 of the Elven Halls)

   Dex:       It affects your dexterity (+2).
   It has a curse which improves the following skills: Alchemy: Poison Magic and
   Transmutations.
   Introspection: Fighting and Spellcasting.
 P - the cursed +3 hat "Prescient Affliction" (worn) {Will+, Evo, Self}
   (You found it on level 1 of the Crypt)

   Will:      It increases your willpower.
   It has a curse which improves the following skills: Evocations: Evocations.
   Introspection: Fighting and Spellcasting.
 Q - the cursed +5 Storm Queen's Shield (worn) {shock, Fly rElec, Self, Fort}
   (You acquired it on level 9 of the Dungeon)

   Shock:     When it blocks an attack, it may electrocute the attacker.
   This works even against foes who are a short distance away.
   rElec:     It insulates you from electricity.
   Fly:       It grants you flight.
   It has a curse which improves the following skills: Introspection: Fighting
   and Spellcasting.
   Fortitude: Armour and Shields.
 Z - the cursed +2 pair of boots "Omniscient Bad Feelings" (worn) {Fort, Alch}
   (You found it on level 15 of the Dungeon)

   It has a curse which improves the following skills: Fortitude: Armour and
   Shields.
   Alchemy:   Poison Magic and Transmutations.
Jewellery
 e - a ring of protection from cold
 f - the cursed amulet of Vitality (around neck) {RegenMP++ Regen++, Alch, Evo}
   (You bought it in a shop on level 2 of the Orcish Mines)

   [amulet of magic regeneration]

   It increases your rate of magic regeneration.
   Regen:     It increases your rate of health regeneration.
   It has a curse which improves the following skills: Alchemy: Poison Magic and
   Transmutations.
   Evocations: Evocations.
 M - the ring of Doors {Drain rPois rN+++ Str+4 Int+6}
   (You found it on level 1 of the Swamp)

   [ring of intelligence]

   Str:       It affects your strength (+4).
   Int:       It affects your intelligence (+6).
   rPois:     It protects you from poison.
   rN:        It renders you almost immune to negative energy.
   Drain:     It drains your maximum health when unequipped.
 O - the ring of Sywo {Ice MP-9 Str+6 SInv Stlth+}
   (You took it off Josephina on level 2 of the Depths)

   [ring of ice]

   It enhances your ice magic.
   Str:       It affects your strength (+6).
   rF:        It makes you vulnerable to fire.
   rC:        It protects you from cold.
   MP:        It affects your magic capacity (-9).
   SInv:      It lets you see invisible.
   Stlth:     It makes you more stealthy.
 R - the cursed ring "Ensconced Regret" (right hand) {rPois rC+ rCorr Int+3, Fort, Bglg}
   (You found it on level 4 of the Depths)

   [ring of resist corrosion]

   Int:       It affects your intelligence (+3).
   rC:        It protects you from cold.
   rPois:     It protects you from poison.
   rCorr:     It protects you from acid and corrosion.
   It has a curse which improves the following skills: Fortitude: Armour and
   Shields.
   Beguiling: Conjurations, Hexes and Translocations.
 S - a ring of fire
 U - the ring of Ilyewodauc {rPois rF+ rN+ Int-4}
   (You found it on level 1 of the Crypt)

   [ring of poison resistance]

   Int:       It affects your intelligence (-4).
   rF:        It protects you from fire.
   rPois:     It protects you from poison.
   rN:        It protects you from negative energy.
 Y - the cursed ring of Curses and Power (left hand) {rPois rF++ rC- Str+6 Dex+3, Cun, Range}
   (You bought it in a shop on level 1 of the Dungeon)

   [ring of strength]

   Str:       It affects your strength (+6).
   Dex:       It affects your dexterity (+3).
   rF:        It greatly protects you from fire.
   rC:        It makes you vulnerable to cold.
   rPois:     It protects you from poison.
   It has a curse which improves the following skills: Cunning: Dodging and
   Stealth.
   Ranged Combat: Ranged Weapons and Throwing.
Wands
 g - a wand of digging (24)
 x - a wand of iceblast (40)
 C - a wand of flame (64)
 D - a wand of light (25)
 F - a wand of paralysis (46)
 L - a wand of mindburst (83)
Scrolls
 c - 11 scrolls of fog
 h - 34 scrolls of teleportation {@r4}
 j - 59 scrolls of identify {@r1}
 m - 2 scrolls of brand weapon
 p - 4 scrolls of immolation
 r - 14 scrolls of poison
 v - 4 scrolls of butterflies
 y - 6 scrolls of enchant weapon
 z - 10 scrolls of enchant armour
 E - 3 scrolls of blinking
 N - 11 scrolls of amnesia
 T - 5 scrolls of fear
Potions
 l - 3 potions of cancellation
 o - 22 potions of curing {@q1}
 q - 2 potions of haste {@q3}
 s - 19 potions of heal wounds {@q2}
 t - 10 potions of ambrosia
 w - 4 potions of invisibility
 G - 2 potions of might
 J - 15 potions of flight
 K - 10 potions of berserk rage
 V - 6 potions of magic
Miscellaneous
 a - a box of beasts
 d - a phial of floods
 W - a condenser vane
 X - a tin of tremorstones (2/2)


   Skills:
 - Level 23.3(27) Fighting
 - Level 2.4(12.0) Axes
 + Level 18.0 Maces & Flails
 - Level 6.5(9.0) Ranged Weapons
 - Level 6.7(9.2) Throwing
 - Level 20.7(27) Armour
 - Level 24.9(27) Dodging
 - Level 4.1(6.4) Stealth
 - Level 22.4(27) Shields
 - Level 22.7(27) Evocations


You had 26 spell levels left.
You didn't know any spells.
Your spell library contained the following spells:

 Spells                   Type           Power      Damage    Failure   Level
 Apportation              Tloc           2%         N/A       65%         1
 Magic Dart               Conj           4%         1d3       65%         1
 Necrotise                Necr           4%         1d4       65%         1
 Slow                     Hex            4%         N/A       65%         1
 Summon Small Mammal      Summ           4%         N/A       65%         1
 Shock                    Conj/Air       0%         1d3       67%         1
 Freeze                   Ice            0%         1d3       71%         1
 Cigotuvi's Dreadful Rot  Necr/Pois/Air  2%         N/A       78%         2
 Poisonous Vapours        Pois/Air       2%         N/A       78%         2
 Call Imp                 Summ           1%         N/A       80%         2
 Searing Ray              Conj           2%         2d4       80%         2
 Ensorcelled Hibernation  Hex/Ice        0%         N/A       82%         2
 Spider Form              Tmut/Pois      2%         N/A       91%         3
 Ignite Poison            Fire/Tmut/Pois 1%         N/A       94%         3
 Call Canine Familiar     Summ           1%         N/A       95%         3
 Confusing Touch          Hex            1%         N/A       95%         3
 Dazzling Flash           Conj/Hex       2%         N/A       95%         3
 Gell's Gravitas          Tloc           1%         N/A       95%         3
 Mephitic Cloud           Conj/Pois/Air  1%         N/A       95%         3
 Summon Guardian Golem    Hex/Summ       1%         N/A       95%         3
 Teleport Other           Tloc           1%         N/A       95%         3
 Tukima's Dance           Hex            1%         N/A       95%         3
 Vampiric Draining        Necr           1%         2d6       95%         3
 Hailstorm                Conj/Ice       0%         3d3       96%         3
 Inner Flame              Hex/Fire       0%         N/A       96%         3
 Stone Arrow              Conj/Erth      0%         3d7       96%         3
 Frozen Ramparts          Ice            0%         1d1       97%         3
 Swiftness                Air            0%         N/A       97%         3
 Airstrike                Air            0%         2d(0-16)  100%        4
 Anguish                  Hex/Necr       0%         N/A       100%        4
 Animate Armour           Summ/Erth      0%         N/A       100%        4
 Animate Dead             Necr           1%         N/A       100%        4
 Cause Fear               Hex            0%         N/A       100%        4
 Flame Wave               Conj/Fire      0%         2d4       100%        4
 Fulminant Prism          Conj/Hex       0%         3d5       100%        4
 Leda's Liquefaction      Hex/Erth       0%         N/A       100%        4
 Olgreb's Toxic Radiance  Pois           2%         N/A       100%        4
 Passage of Golubria      Tloc           1%         N/A       100%        4
 Sticky Flame             Conj/Fire      0%         2d3       100%        4
 Agony                    Necr           1%         N/A       100%        5
 Alistair's Intoxication  Tmut/Pois      1%         N/A       100%        5
 Blade Hands              Tmut           1%         N/A       100%        5
 Borgnjor's Vile Clutch   Necr/Erth      0%         N/A       100%        5
 Iskenderun's Battlesphe  Conj           1%         2d6       100%        5
 Lee's Rapid Deconstruct  Erth           0%         3d4*      100%        5
 Silence                  Hex/Air        0%         N/A       100%        5
 Yara's Violent Unravell  Hex/Tmut       0%         3d3       100%        5
 Death Channel            Necr           0%         N/A       100%        6
 Dispersal                Tloc           0%         N/A       100%        6
 Iron Shot                Conj/Erth      0%         9d1       100%        6
 Statue Form              Tmut/Erth      0%         N/A       100%        6
 Enfeeble                 Hex            0%         N/A       100%        7
 Malign Gateway           Summ/Tloc      0%         N/A       100%        7
 Orb of Destruction       Conj           0%         9d5       100%        7
 Ozocubu's Refrigeration  Ice            0%         4d7       100%        7
 Spellforged Servitor     Conj/Summ      0%         N/A       100%        7
 Borgnjor's Revivificati  Necr           0%         N/A       100%        8
 Ignition                 Fire           0%         3d3       100%        8
 Lehudib's Crystal Spear  Conj/Erth      0%         10d2      100%        8
 Necromutation            Tmut/Necr      0%         N/A       100%        8
 Summon Horrible Things   Summ           0%         N/A       100%        8
 Death's Door             Necr           0%         N/A       100%        9
 Polar Vortex             Ice            0%         N/A       100%        9


Dungeon Overview and Level Annotations

Branches:
Dungeon (15/15)            Temple (0/1) D:5            Lair (5/5) D:9
  Swamp (4/4) Lair:3       Spider (4/4) Lair:3        Slime (0/5) Lair:4
    Orc (2/2) D:10            Elf (3/3) Orc:2        Vaults (5/5) D:14
  Crypt (2/3) Vaults:2     Depths (4/4) D:15            Zot (5/5) Depths:4
  IceCv (visited)

Altars:
Ashenzari
Elyvilon
Fedhas
Gozag
Kikubaaqudgha
Okawaru
Qazlal
Sif Muna
Xom
Yredelemnul
Jiyva

Shops:
D:1 =   D:11 *   D:14 [   Orc:2 **=[(   Elf:3 !   Depths:1 [

Portals:
Hell: Depths:1 Depths:2 Depths:3 Depths:4
Abyss: Depths:3 Depths:4
Pandemonium: Depths:1 Depths:2 Depths:3
Ziggurat: Depths:2

Annotations:
D:8 2 transporters
D:9 exclusion: door
Lair:4 2 transporters, Icosk's ghost, journeyman MeRe
Elf:2 3 runed translucent doors
Elf:3 1 exclusion
Zot:5 3 transporters


Innate Abilities, Weirdness & Mutations

You have a pair of horns on your head.
You reflexively headbutt those who attack you in melee.
Your skin changes colour to match your surroundings (Stealth+).
Your body often deteriorates upon taking damage.
Your magical capacity is very low. (-20% MP)


Message History

Blink to where?
Press: ? - help, Dir - move target
As you read the scroll of blinking, it crumbles to dust.
The sixfirhy moves out of view.
You fly upwards.
There is a stone staircase leading down, spattered with blood here.
(D) Dungeon (T) Temple (L) Lair (S) Swamp (N) Spider Nest (M) Slime Pits (O) Orcish Mines (E) Elven Halls (V) Vaults (C) Crypt (U) Depths (H) Hell (Z) Zot
Where to? (Enter - D:1 @ (x,y), ? - help)
You sense a monster nearby.
There is a stone staircase leading up here.
You fly upwards.
There is a stone staircase leading down here.
(D) Dungeon (T) Temple (L) Lair (S) Swamp (N) Spider Nest (M) Slime Pits (O) Orcish Mines (E) Elven Halls (V) Vaults (C) Crypt (U) Depths (H) Hell (Z) Zot
Where to? (Enter - D:1 @ (x,y), ? - help)
There is a broken altar of Ashenzari here.
There is a stone staircase leading up here.
You fly upwards.
There is a stone staircase leading down here.
There is a stone staircase leading up here.
You fly upwards.
There is a stone staircase leading down here.
You sense a monster nearby.
Unknown command.
You can't go up here!
A sun demon comes into view.
A balrug comes into view.
It is wielding a +0 demon whip of flaming.
The balrug gestures at you. Something smites you!
The sun demon attacks as you move away! You block the sun demon's attack.
The sun demon misses you.
There is a staircase leading out of the dungeon here.
HP restored.
The sun demon completely misses you. You furiously retaliate!
You headbutt the sun demon, but do no damage.
You have escaped!

#...###.########.#.# # ##..# #.#
#.#.# #..###.## #.#.#
###...#...### #.#.# #...>...#...#
#.#.# ##.#...#...#.#####.#.#
######........#...........#
.....#..###############..##
####......#####8@8######.#
###..####.....3...###.#
####..###8.........8##.######
##...#...#...8...8...#.......# #
#.....####8.......2.8#######.# #
#..∩..# ###.........### #.# #
##.....###.......).....######.###
#.#...#.#####.............#......
#..###..# ##......###.###2#......


You could see a balrug and a sun demon.

Vanquished Creatures
  4 dread liches
  3 ancient liches
  10 orbs of fire (Zot:5)
  Mara (Depths:2)
  A juggernaut (Depths:2)
  Sojobo (Crypt:1)
  Josephina (Depths:2)
  The ghost of NeonRainbow the Slayer, a veteran HOMo of Beogh (Crypt:2)
  Saint Roka (Vaults:2)
  3 Killer Klowns
  Vv (Zot:1)
  3 curse toes
  12 golden dragons
  Nikola (Elf:1)
  A bone dragon (Depths:4)
  3 electric golems (Zot:5)
  Arachne (Spider:1)
  Mlioglotl (Swamp:3)
  A walking earthen tome (Depths:2)
  14 tentacled monstrosities
  3 liches
  5 titans
  27 Orb Guardians
  2 walking frostbound tomes (Depths:2)
  8 quicksilver dragons
  Asterion (Spider:2)
  A walking divine tome (Depths:1)
  2 deep elf master archers (Elf:3)
  5 death cobs
  3 acid blobs (Zot:4)
  5 thorn hunters
  A deep elf blademaster (Elf:3)
  Gastronok (D:10)
  An ancient champion (Crypt:1)
  3 sphinxes
  3 Executioners
  6 tengu reavers
  5 shadow dragons
  8 storm dragons
  3 draconian monks
  3 revenants
  7 emperor scorpions
  7 iron dragons
  2 draconian knights
  10 fire giants
  8 deep elf sorcerers
  10 ghost moths
  17 vault wardens
  4 draconian scorchers
  A balrug (Depths:3)
  8 frost giants
  Aizul (Spider:2)
  4 draconian stormcallers
  Louise (D:15)
  A deep elf elementalist (Elf:3)
  5 draconian shifters
  4 draconian annihilators
  35 very ugly things
  23 ironbound preservers
  2 orc warlords (Vaults:3)
  3 war gargoyles
  2 spriggan defenders (Depths:2)
  5 broodmothers (Spider:2)
  6 ironbound thunderhulks
  29 stone giants
  14 deep elf demonologists
  2 eleionomae
  2 juggernaut skeletons (Depths:3)
  6 vampire knights
  Nessos (D:13)
  8 green draconians
  3 bunyips
  A lorocyproca (D:7)
  8 black draconians
  4 spark wasps
  10 red draconians
  12 deep elf annihilators
  10 white draconians
  9 purple draconians
  13 dire elephants
  19 yellow draconians
  A blizzard demon (Zot:5)
  An eidolon (Crypt:1)
  9 ettins
  4 crystal guardians
  7 entropy weavers
  5 deep elf death magi
  8 jiangshi (Crypt:1)
  3 deep elf high priests
  19 yaktaur captains
  8 fire dragons
  8 great orbs of eyes
  3 shambling mangroves
  2 spriggan zombies
  27 vault guards
  Harold (D:10)
  18 hydras
  5 ice dragons
  3 ghost crabs
  3 rakshasas
  3 jorogumos
  2 hell beasts
  8 spriggan air magi
  3 peacekeepers
  11 ironbound frosthearts
  3 ogre magi
  A caustic shrike simulacrum (IceCv)
  8 alligators
  9 centaur warriors
  12 two-headed ogres
  4 death yaks
  3 death knights
  5 tengu warriors
  5 radroaches
  8 dancing weapons
  7 deep troll shamans
  13 boulder beetles
  8 vampire magi
  8 deep troll earth magi
  3 soul eaters
  Sonja (Lair:1)
  7 spriggan berserkers
  2 sun demons
  A hell hog (Depths:2)
  7 deep elf knights
  Amaemon (Lair:1)
  8 hell knights
  A storm dragon zombie (Crypt:1)
  A salamander mystic (Depths:3)
  3 pharaoh ants
  2 sun moths (Spider:2)
  A golden dragon zombie (Depths:3)
  9 iron trolls
  A skyshark (Lair:5)
  18 skeletal warriors
  8 goliath frogs
  A storm dragon skeleton (Depths:1)
  A bunyip zombie (Crypt:1)
  10 swamp dragons
  A flayed ghost (Crypt:1)
  2 quicksilver dragon simulacra (Depths:2)
  A spriggan druid (Swamp:2)
  An orange crystal statue (IceCv)
  A tengu zombie (Depths:3)
  78 deep trolls
  4 glowing orange brains
  A death drake (shapeshifter) (Depths:2)
  9 deep elf archers
  A shadow demon (D:14)
  14 wizards
  7 bog bodies
  11 orb spiders
  Pikel (D:6)
  19 ironbound convokers
  5 steelbarb worms
  6 orc knights
  6 harpies (Vaults:2)
  A wolf spider zombie (Crypt:1)
  9 phantasmal warriors
  17 deep elf pyromancers
  5 oklob plants (Zot:4)
  2 sphinx zombies
  6 lindwurms
  12 necromancers
  4 human zombies (Vaults:3)
  49 ugly things
  8 will-o-the-wisps
  16 deep elf zephyrmancers
  2 orc sorcerers
  2 tengu skeletons (Depths:3)
  18 wolf spiders
  16 moths of wrath
  12 cyclopes
  2 salamanders (Depths:3)
  A jorogumo skeleton (Crypt:1)
  4 manticores
  A fire giant skeleton (Vaults:2)
  18 elephants
  A naga zombie (Crypt:1)
  5 demonic crawlers
  A dire elephant zombie (Crypt:1)
  A sphinx skeleton (Crypt:1)
  A rust devil (D:15)
  A human skeleton (Vaults:3)
  A pale draconian zombie (Crypt:1)
  7 black mambas
  An orange demon (Lair:1)
  A stone giant skeleton (Crypt:1)
  6 torpor snails
  18 vault sentinels
  Maggie (D:8)
  A gargoyle (D:11)
  6 komodo dragons
  A hellion (Zot:4)
  8 cane toads
  2 dire elephant skeletons (Crypt:1)
  35 yaktaurs
  A kobold demonologist (D:12)
  An unseen horror (D:11)
  A spark wasp simulacrum (Depths:2)
  4 anaconda simulacra (IceCv)
  A rime drake (Lair:2)
  2 tengu conjurers
  A tormentor (Depths:3)
  3 polar bears (Lair:5)
  6 freezing wraiths
  8 trolls
  2 bloated husks
  37 tarantellas
  11 tyrant leeches
  4 meliai
  A meliai (shapeshifter) (Elf:2)
  Prince Ribbit (D:8)
  35 hornets
  A blink frog (shapeshifter) (Spider:1)
  A raiju (Abyss:3)
  2 dream sheep (Lair:5)
  A harpy skeleton (Crypt:1)
  A frost giant simulacrum (Depths:1)
  A human simulacrum (Vaults:2)
  12 blink frogs
  A culicivora zombie (Crypt:1)
  33 slime creatures
  A jumping spider (shapeshifter) (Vaults:5)
  43 jumping spiders
  A naga simulacrum (Crypt:1)
  Sigmund (D:5)
  6 air elementals
  30 spriggans
  8 wraiths
  A shadow (D:11)
  9 water elementals
  9 wyverns
  A centaur simulacrum (D:14)
  26 culicivoras
  A yak (shapeshifter) (D:13)
  An elf zombie (Vaults:2)
  4 fire bats (D:9)
  40 yaks
  6 basilisks
  A chaos spawn (Depths:3)
  A fire elemental (Elf:3)
  Eustachio (D:4)
  A golden eye (shapeshifter) (Depths:2)
  8 humans (D:14)
  A neqoxec (Depths:3)
  Menkaure (D:7)
  80 redbacks
  A steam dragon (D:10)
  2 golden eyes (Depths:2)
  An elf skeleton (Vaults:3)
  A glowing shapeshifter zombie (Depths:3)
  An elf simulacrum (Vaults:2)
  7 vampire mosquitoes
  3 large abominations (Zot:5)
  4 wargs
  16 swamp worms
  A hell hound (D:9)
  13 water moccasins
  2 hydra simulacra (IceCv)
  2 glowing shapeshifter skeletons (Vaults:3)
  2 acid dragons
  Duvessa (D:6)
  12 swamp drakes
  An ice beast (D:8)
  7 black bears
  A spriggan simulacrum (Depths:2)
  An ettin simulacrum (Depths:2)
  4 alligator simulacra (IceCv)
  26 orc warriors
  16 wolves (Lair:5)
  11 ogres
  4 boggarts (Lair:5)
  7 centaurs
  A torpor snail zombie (Crypt:2)
  3 lemures (D:6)
  3 phantoms
  5 kobold brigands
  16 bullfrogs
  2 gnoll sergeants
  4 scorpions
  2 earth elementals
  A cyclops zombie (Crypt:1)
  4 wights
  Dowan (D:6)
  4 lindwurm simulacra (IceCv)
  14 killer bees (D:9)
  5 electric eels
  5 howler monkeys
  A howler monkey (shapeshifter) (Vaults:5)
  A wolf zombie (Crypt:2)
  23 jellies
  A quasit (Abyss:3)
  18 orc priests
  2 gnoll boudas
  4 hounds
  9 iguanas
  A basilisk skeleton (Crypt:1)
  A sleepcap (D:6)
  Ijyb (D:5)
  21 orc wizards
  6 adders
  18 gnolls
  3 white imps
  3 ufetubi
  5 worms
  2 dart slugs
  84 orcs
  5 bats
  2 endoplasms
  6 giant cockroaches
  4 goblins
  7 hobgoblins
  28 kobolds
  6 quokkas
  17 ball pythons
  6 frilled lizards
  5 rats
  2 briar patches (Swamp:3)
  2 fire vortices (D:9)
2255 creatures vanquished.

Vanquished Creatures (collateral kills)
  An electric golem (Zot:1)
  An acid blob (Zot:4)
  A tengu reaver (Vaults:5)
  2 draconian knights (Zot:4)
  A white draconian (Zot:1)
  2 yellow draconians (Zot:4)
  A vault guard (Vaults:5)
  A deep troll earth mage (Vaults:5)
  A jelly (Zot:4)
11 creatures vanquished.

Vanquished Creatures (others)
  A deep elf blademaster (Elf:3)
  A fire giant (Depths:4)
  A hydra (Swamp:1)
  A swamp dragon (Swamp:2)
  A deep elf zephyrmancer (Elf:2)
  4 bloated husks
  An air elemental (Elf:2)
  A human (D:14)
  A water elemental (Elf:3)
  A swamp worm (Swamp:4)
  A jelly (Zot:4)
  A butterfly (D:15)
  40 foxfires
  8 fungi
  35 plants
  2 starspawn tentacles (Swamp:3)
100 creatures vanquished.

Grand Total: 2366 creatures vanquished

Notes
Turn   | Place    | Note
-------+----------+-------------------------------------------
     0 | D:5      | freelancePsychic the Minotaur Delver began the quest for
                  | the Orb.
     0 | D:5      | Reached XP level 1. HP: 19/19 MP: 0/0
     2 | D:5      | Noticed a phantom
    14 | D:5      | Noticed a hound
    24 | D:5      | Noticed an ogre
    29 | D:4      | Noticed a hound
    53 | D:3      | Reached skill level 1 in Ranged Weapons
   123 | D:3      | Found a broken altar of Ashenzari.
   180 | D:3      | Became a worshipper of Ashenzari the Shackled
   274 | D:2      | Reached XP level 2. HP: 27/27 MP: 1/1
   618 | D:1      | Reached XP level 3. HP: 33/33 MP: 2/2
   735 | D:1      | Found Elourao's One-of-a-Kind Rings.
  1230 | D:2      | Reached XP level 4. HP: 41/41 MP: 3/3
  1297 | D:2      | Reached * piety under Ashenzari
  1356 | D:2      | Found a faded altar of an unknown god.
  1706 | D:3      | Reached XP level 5. HP: 47/47 MP: 4/4
  1710 | D:3      | Reached skill level 5 in Fighting
  1803 | D:3      | Found a shimmering altar of Xom.
  1831 | D:3      | Reached skill level 5 in Ranged Weapons
  2039 | D:4      | Reached XP level 6. HP: 56/56 MP: 5/5
  2096 | D:4      | Reached ** piety under Ashenzari
  2534 | D:4      | Found an opulent altar of Gozag.
  2552 | D:4      | Reached XP level 7. HP: 63/63 MP: 6/6
  2702 | D:4      | Found the +10 morningstar "Eos" {elec, Halo rElec}
  2857 | D:4      | Reached skill level 1 in Maces & Flails
  3025 | D:5      | Noticed Eustachio
  3042 | D:5      | Noticed Sigmund
  3060 | D:4      | Killed Eustachio
  3111 | D:4      | Reached skill level 5 in Maces & Flails
  3111 | D:4      | Reached XP level 8. HP: 31/73 MP: 7/7
  3152 | D:5      | Killed Sigmund
  3159 | D:5      | Found a staircase to the Ecumenical Temple.
  3289 | D:5      | Noticed Ijyb
  3299 | D:5      | Killed Ijyb
  3765 | D:6      | Noticed Dowan
  3769 | D:6      | Noticed Duvessa
  3776 | D:6      | Killed Duvessa
  3777 | D:6      | Reached XP level 9. HP: 74/83 MP: 8/8
  3777 | D:6      | Killed Dowan
  4135 | D:6      | Noticed Pikel
  4149 | D:6      | Killed Pikel
  4150 | D:6      | Reached skill level 10 in Maces & Flails
  4471 | D:7      | Reached skill level 10 in Fighting
  4961 | D:7      | Noticed Menkaure
  4967 | D:7      | Killed Menkaure
  4968 | D:7      | Reached XP level 10. HP: 86/94 MP: 9/9
  5049 | D:7      | Found a basalt altar of Yredelemnul.
  5049 | D:7      | Found a stormy altar of Qazlal.
  5240 | D:8      | Noticed Prince Ribbit
  5248 | D:8      | Killed Prince Ribbit
  5504 | D:8      | Found a shimmering blue altar of Sif Muna.
  5519 | D:8      | Found a transporter.
  5560 | D:8      | Found a transporter.
  5770 | D:8      | Noticed Maggie
  5783 | D:8      | Killed Maggie
  6178 | D:9      | Noticed a tengu warrior
  6190 | D:9      | Killed a tengu warrior
  6285 | D:9      | Identified the staff of fire "Afyisomo" {rPois rF+ Str+5}
  6327 | D:9      | Noticed a six-headed hydra
  6337 | D:9      | Killed a six-headed hydra
  6338 | D:9      | Reached XP level 11. HP: 81/105 MP: 10/10
  6349 | D:9      | Paralysed by an orc warrior for 2 turns
  6546 | D:9      | Reached skill level 1 in Armour
  6552 | D:9      | Reached skill level 1 in Evocations
  6785 | D:9      | Found a staircase to the Lair.
  6809 | D:9      | Identified a scroll of acquirement
  7118 | D:9      | Acquired the +5 Storm Queen's Shield {shock, Fly rElec}
  7118 | D:9      | Found the +5 Storm Queen's Shield {shock, Fly rElec}
  7153 | D:10     | Entered Level 10 of the Dungeon
  7180 | D:10     | Noticed Harold
  7272 | D:10     | Killed Harold
  7273 | D:10     | Reached skill level 1 in Shields
  7475 | D:10     | Noticed Gastronok
  7485 | D:10     | Killed Gastronok
  7493 | D:10     | Reached *** piety under Ashenzari
  8114 | D:10     | Found a staircase to the Orcish Mines.
  8396 | D:11     | Noticed an angel
  8407 | D:11     | Found Xuijulos's Hallowed Reliquary.
  8413 | D:11     | Bought a potion of heal wounds for 65 gold pieces
  8413 | D:11     | Bought a potion of heal wounds for 65 gold pieces
  8413 | D:11     | Bought a potion of heal wounds for 65 gold pieces
  8481 | D:11     | Reached skill level 5 in Shields
  8517 | D:11     | Noticed a red ugly thing
  8525 | D:11     | Killed a red ugly thing
  8527 | D:11     | Reached XP level 12. HP: 121/121 MP: 11/11
  8555 | D:11     | Reached skill level 5 in Evocations
  9065 | D:11     | Noticed a two-headed ogre
  9070 | D:11     | Killed a two-headed ogre
  9098 | D:12     | Noticed a two-headed ogre
  9103 | D:12     | Noticed a two-headed ogre
  9142 | D:12     | Killed a two-headed ogre
  9146 | D:12     | Killed a two-headed ogre
  9274 | D:12     | Noticed a boulder beetle
  9284 | D:12     | Killed a boulder beetle
  9400 | D:12     | Reached skill level 15 in Fighting
  9630 | D:12     | Noticed a centaur warrior
  9633 | D:12     | Reached **** piety under Ashenzari
  9728 | Lair:1   | Entered Level 1 of the Lair of Beasts
  9728 | Lair:1   | Noticed Amaemon
  9736 | Lair:1   | Killed Amaemon
  9872 | Lair:1   | Noticed Sonja
  9878 | Lair:1   | Killed Sonja
 10465 | Lair:1   | Reached XP level 13. HP: 131/134 MP: 12/12
 10687 | Lair:2   | Reached ***** piety under Ashenzari
 11090 | Lair:2   | Identified the +4 war axe of Domination {venom, rPois Int+3
                  | Stlth+}
 11537 | Lair:2   | Reached skill level 10 in Shields
 11616 | Lair:3   | Found a hole to the Spider Nest.
 11779 | Lair:3   | Found a staircase to the Swamp.
 12438 | Lair:4   | Found a transporter.
 12441 | Lair:4   | Found a transporter.
 12442 | Lair:4   | Noticed Icosk's ghost (journeyman MeRe)
 12552 | Lair:4   | Reached skill level 3 in Dodging
 12844 | Lair:4   | Found a staircase to the Slime Pits.
 12844 | Lair:4   | Found a viscous altar of Jiyva.
 13181 | Lair:5   | Entered Level 5 of the Lair of Beasts
 13362 | Lair:5   | Reached skill level 4 in Dodging
 13388 | Lair:5   | Reached XP level 14. HP: 138/148 MP: 13/13
 13403 | Lair:5   | Reached skill level 5 in Armour
 13483 | Lair:5   | Reached skill level 5 in Dodging
 13777 | Lair:5   | Reached skill level 6 in Dodging
 14118 | Lair:5   | Reached skill level 7 in Dodging
 14517 | D:12     | Identified the staff of earth "Vajashr Ugere" {Contam rPois
                  | rCorr MP+9}
 14517 | D:12     | Found the +5 scythe "Finisher" {speed, eviscerate}
 14517 | D:12     | Noticed a war gargoyle
 14527 | D:12     | Killed a war gargoyle
 14758 | D:13     | Reached skill level 8 in Dodging
 14986 | D:13     | Reached skill level 9 in Dodging
 15021 | D:13     | Noticed Nessos
 15030 | D:13     | Killed Nessos
 15031 | D:13     | Reached skill level 10 in Armour
 15575 | D:14     | Reached ****** piety under Ashenzari
 15694 | D:14     | Reached skill level 10 in Dodging
 15718 | D:14     | Reached XP level 15. HP: 141/158 MP: 15/15
 16202 | D:14     | Found Xonuteckoe's Armour Shop.
 16282 | D:14     | Found a gate to the Vaults.
 16441 | D:15     | Entered Level 15 of the Dungeon
 16485 | D:15     | Reached skill level 11 in Dodging
 16780 | D:15     | Noticed Louise
 16787 | D:15     | Killed Louise
 16922 | D:15     | Found a staircase to the Depths.
 16922 | D:15     | Noticed a fire giant
 16932 | D:15     | Killed a fire giant
 17385 | D:15     | Found a white marble altar of Elyvilon.
 17914 | Orc:1    | Entered Level 1 of the Orcish Mines
 17957 | Orc:1    | Reached skill level 12 in Dodging
 18285 | Orc:2    | Entered Level 2 of the Orcish Mines
 18285 | Orc:2    | Found Diud's General Store.
 18289 | Orc:2    | Bought a potion of haste for 140 gold pieces
 18298 | Orc:2    | Found Decigeto's Jewellery Shop.
 18374 | Orc:2    | Bought the amulet of Vitality {RegenMP++ Regen++} for 1600
                  | gold pieces
 18374 | Orc:2    | Found the amulet of Vitality {RegenMP++ Regen++}
 18474 | Orc:2    | Found Ynoxih's General Store.
 18497 | Orc:2    | Bought a potion of haste for 150 gold pieces
 18497 | Orc:2    | Bought 2 potions of heal wounds for 150 gold pieces
 18497 | Orc:2    | Bought a potion of curing for 45 gold pieces
 18533 | Orc:2    | Found a staircase to the Elven Halls.
 18555 | Orc:2    | Found Fatiepasm's Antique Weapon Boutique.
 18615 | Orc:2    | Found Nacyom's Antique Armour Boutique.
 18878 | Elf:1    | Entered Level 1 of the Elven Halls
 18960 | Elf:1    | Paralysed by an air elemental for 1 turns
 18963 | Elf:1    | Paralysed by an air elemental for 1 turns
 18964 | Elf:1    | Noticed Nikola
 18970 | Elf:1    | Paralysed by an air elemental for 1 turns
 18973 | Elf:1    | Paralysed by an air elemental for 1 turns
 18976 | Elf:1    | Paralysed by an air elemental for 1 turns
 18982 | Elf:1    | Paralysed by an air elemental for 1 turns
 18986 | Elf:1    | Paralysed by an air elemental for 1 turns
 19001 | Elf:1    | Killed Nikola
 19134 | Elf:1    | Identified the +1 leather armour of the Sunfish {Will-
                  | Str+4 Int+4}
 19167 | Elf:1    | Reached XP level 16. HP: 166/167 MP: 15/15
 19182 | Elf:1    | Reached skill level 15 in Armour
 19880 | Spider:1 | Entered Level 1 of the Spider Nest
 19925 | Swamp:1  | Entered Level 1 of the Swamp
 20210 | Swamp:1  | Identified the ring of Doors {Drain rPois rN+++ Str+4
                  | Int+6}
 20389 | Swamp:1  | Reached skill level 13 in Dodging
 21023 | Swamp:2  | Noticed a thorn hunter
 21033 | Swamp:2  | Killed a thorn hunter
 21245 | Swamp:3  | Noticed Mlioglotl
 21245 | Swamp:3  | Noticed a thorn hunter
 21265 | Swamp:3  | Noticed a profane servitor
 21265 | Swamp:3  | Killed a thorn hunter
 21271 | Swamp:3  | Noticed a tentacled starspawn
 21278 | Swamp:3  | Killed Mlioglotl
 21381 | Swamp:3  | Reached skill level 14 in Dodging
 21490 | Swamp:3  | Noticed a thorn hunter
 21501 | Swamp:3  | Killed a thorn hunter
 21609 | Swamp:3  | Noticed a thorn hunter
 21616 | Swamp:3  | Killed a thorn hunter
 21617 | Swamp:3  | Reached XP level 17. HP: 165/167 MP: 16/16
 21949 | Swamp:4  | Entered Level 4 of the Swamp
 22024 | Swamp:4  | Found a frozen archway.
 22043 | IceCv    | Entered an ice cave
 22419 | Swamp:4  | Upgraded the game from 0.30-a0-949-g53dc5368d7 to
                  | 0.30-a0-953-g5f1da4a474
 22580 | Swamp:4  | Reached skill level 15 in Dodging
 22702 | Swamp:4  | Got a decaying rune of Zot
 23445 | Spider:1 | Reached skill level 15 in Shields
 23529 | Spider:2 | Noticed Aizul
 23552 | Spider:2 | Killed Aizul
 23732 | Spider:2 | Noticed Asterion
 23742 | Spider:2 | Killed Asterion
 23855 | Spider:2 | Noticed Arachne
 23906 | Spider:1 | Killed Arachne
 23907 | Spider:1 | Reached XP level 18. HP: 136/189 MP: 17/17
 23971 | Spider:2 | Reached skill level 16 in Dodging
 25146 | Spider:3 | Reached skill level 17 in Dodging
 25254 | Spider:4 | Entered Level 4 of the Spider Nest
 26107 | Spider:4 | Got a gossamer rune of Zot
 26456 | Elf:2    | Reached skill level 18 in Dodging
 26620 | Elf:2    | Paralysed by an air elemental for 1 turns
 26816 | Elf:2    | Found a runed translucent gate.
 26816 | Elf:2    | Found a runed translucent gate.
 26816 | Elf:2    | Found a runed translucent gate.
 26876 | Elf:3    | Entered Level 3 of the Elven Halls
 26878 | Elf:3    | Paralysed by an air elemental for 1 turns
 26883 | Elf:3    | Reached XP level 19. HP: 184/202 MP: 18/18
 26977 | Elf:3    | Found Tiular's Distillery.
 26984 | Elf:3    | Bought a potion of haste for 180 gold pieces
 26984 | Elf:3    | Bought a potion of heal wounds for 90 gold pieces
 26984 | Elf:3    | Bought a potion of heal wounds for 90 gold pieces
 26984 | Elf:3    | Bought a potion of haste for 180 gold pieces
 27164 | Abyss:3  | Found a corrupted altar of Lugonu.
 27164 | Abyss:3  | Cast into level 3 of the Abyss (a deep elf demonologist)
 27225 | Elf:3    | Escaped the Abyss
 27239 | Elf:3    | Acquired 405 gold pieces
 27436 | Elf:3    | Identified the staff of earth "Wiliz" {rPois rF+}
 27436 | Elf:3    | Identified the +5 sling "Juzxic" {freeze, Str+4 Dex-4}
 27438 | Elf:3    | Noticed a Brimstone Fiend
 27440 | Elf:3    | Identified the ring "Gamur" {Ice rPois rN++ Int+2 Dex-4}
 27443 | Elf:3    | Identified the +15 plate armour "Ruhypnam" {Dex+2}
 27497 | Elf:3    | Noticed a Brimstone Fiend
 27965 | Elf:3    | Identified the +8 sling of Defence by Offence {elec, rElec
                  | Int+4}
 27992 | Elf:3    | Identified the staff of cold "Jyl Laat" {*Slow rElec rC+
                  | Will+ Str+3}
 28016 | Elf:3    | Identified the Octavo of Misfortune and Teratogeny
 28020 | Elf:3    | Identified the +0 chain mail "Ekun" {Dex+6}
 28020 | Elf:3    | Identified the +0 plate armour "Yhukhihu" {rPois Will+++
                  | Str-3 Stlth+}
 28020 | Elf:3    | Identified the Exposition on the Gift and Cryomancy
 28094 | Elf:3    | Identified the staff of fire "Elicsoh" {rF+ rC+ Dex+3}
 28627 | Vaults:1 | Entered Level 1 of the Vaults
 28893 | Vaults:1 | Paralysed by a great orb of eyes for 2 turns
 28979 | Vaults:1 | Paralysed by a great orb of eyes for 2 turns
 29818 | Vaults:2 | Noticed Saint Roka
 29836 | Vaults:2 | Killed Saint Roka
 29837 | Vaults:2 | Reached skill level 10 in Evocations
 29961 | Vaults:2 | HP: 8/207 [mirror damage (10)]
 30220 | Vaults:2 | Reached XP level 20. HP: 216/216 MP: 19/19
 30238 | Vaults:2 | Reached skill level 19 in Dodging
 31090 | Vaults:2 | Found a staircase to the Crypt.
 31108 | Crypt:1  | Entered Level 1 of the Crypt
 31138 | Crypt:1  | Noticed Sojobo
 31139 | Crypt:1  | Paralysed by a vampire knight for 3 turns
 31157 | Crypt:1  | Killed Sojobo
 31254 | Crypt:1  | Found a runed translucent gate.
 31255 | Crypt:1  | Found a runed translucent gate.
 31255 | Crypt:1  | Found a runed translucent gate.
 31256 | Crypt:1  | Found an ancient bone altar of Kikubaaqudgha.
 31256 | Crypt:1  | Noticed a dread lich
 31257 | Crypt:1  | Noticed NeonRainbow's ghost (veteran HOMo)
 31257 | Crypt:1  | Noticed an ancient lich
 31257 | Crypt:1  | Identified the ring of Ilyewodauc {rPois rF+ rN+ Int-4}
 31257 | Crypt:1  | Identified the +3 hat of Loler {Will+}
 31496 | Crypt:1  | Reached skill level 20 in Dodging
 32179 | Crypt:2  | Killed NeonRainbow's ghost
 32183 | Crypt:2  | Paralysed by a dread lich for 4 turns
 32190 | Crypt:2  | Killed a dread lich
 32192 | Crypt:2  | Reached XP level 21. HP: 34/224 MP: 21/21
 33522 | Vaults:3 | Reached skill level 21 in Dodging
 35337 | Depths:1 | Entered Level 1 of the Depths
 35430 | Depths:1 | Reached XP level 22. HP: 233/233 MP: 22/22
 35466 | Depths:1 | Found a gateway to Hell.
 35835 | D:1      | Bought the ring "Luetompo" {rPois rF++ rC- Str+6 Dex+3} for
                  | 832 gold pieces
 36323 | Depths:1 | Identified the +2 ring mail "Xonox" {rF- Regen+ rCorr SInv}
 36526 | Depths:1 | Found Toyz's Armour Shop.
 36558 | Depths:1 | Bought a +2 pair of gloves of infusion for 279 gold pieces
 36648 | Depths:1 | Found a one-way gate leading to the halls of Pandemonium.
 36694 | Depths:1 | Found an iron altar of Okawaru.
 36700 | Depths:1 | Reached skill level 22 in Dodging
 37018 | Depths:2 | Noticed a juggernaut
 37032 | Depths:2 | Killed a juggernaut
 37120 | Depths:2 | Noticed a golden dragon
 37171 | Depths:2 | Killed a golden dragon
 37246 | Depths:2 | Noticed a golden dragon
 37266 | Depths:2 | Killed a golden dragon
 37267 | Depths:2 | Reached skill level 15 in Maces & Flails
 37279 | Depths:2 | Noticed a golden dragon
 37290 | Depths:2 | Killed a golden dragon
 37349 | Depths:2 | Found a one-way gateway to a ziggurat.
 37532 | Depths:2 | Identified the +0 leather armour "Reroicab" {rPois Str-5
                  | Int+2 Dex+3}
 37626 | Depths:2 | Identified the +4 quarterstaff "Bopt" {flame, rF++ rC+
                  | Dex+5}
 37677 | Depths:2 | Identified the ring of Sywo {Ice MP-9 Str+6 SInv Stlth+}
 37677 | Depths:2 | Noticed Josephina
 37690 | Depths:2 | Killed Josephina
 38328 | Depths:3 | Noticed Mara
 38332 | Depths:3 | Noticed freelancePsychic's illusion
 38359 | Depths:2 | Reached skill level 23 in Dodging
 38359 | Depths:2 | Reached XP level 23. HP: 237/240 MP: 23/23
 38481 | Depths:3 | Noticed freelancePsychic's illusion
 38508 | Depths:2 | Noticed freelancePsychic's illusion
 38508 | Depths:2 | Killed Mara
 38931 | Depths:3 | Found an ancient bone altar of Kikubaaqudgha.
 39132 | Depths:3 | Found a one-way gate to the infinite horrors of the Abyss.
 39189 | Depths:3 | Reached skill level 24 in Dodging
 39542 | Depths:4 | Entered Level 4 of the Depths
 39610 | Depths:4 | Reached skill level 1 in Throwing
 39613 | Depths:4 | Reached skill level 15 in Evocations
 39884 | Depths:4 | Found a blossoming altar of Fedhas.
 39953 | Depths:4 | Reached skill level 5 in Throwing
 40027 | Depths:4 | Found a gate to the Realm of Zot.
 40246 | Depths:4 | Identified the ring "Daazadoz" {rPois rC+ rCorr Int+3}
 40767 | Vaults:5 | Entered Level 5 of the Vaults
 40776 | Vaults:5 | Noticed an ancient lich
 40797 | Vaults:5 | Killed an ancient lich
 41002 | Vaults:5 | Noticed an ancient lich
 41022 | Vaults:5 | Killed an ancient lich
 41023 | Vaults:5 | Reached XP level 24. HP: 249/249 MP: 23/23
 41060 | Vaults:5 | Identified the +7 scale mail of Honesty {Regen+}
 41130 | Vaults:5 | Identified the +6 shortbow "Zoceulis" {freeze, rN+ rCorr}
 41131 | Vaults:5 | Identified the +1 chain mail of Jorph {rCorr Int+2}
 41136 | Vaults:5 | Got a silver rune of Zot
 41461 | Vaults:5 | Identified the +2 cloak of the Stone Wall {Fly rF+++ Slay-4
                  | SInv}
 41543 | Vaults:5 | Identified the staff of death "Seipsyq" {rC+ rN+ rCorr}
 41730 | Vaults:5 | Identified the +0 chain mail of Demons {Dex+3}
 42345 | Zot:1    | Entered Level 1 of the Realm of Zot
 42509 | Zot:1    | Noticed Vv
 42523 | Zot:1    | Killed Vv
 42703 | Zot:2    | Acquired the +9 eveningstar of Riwoiwurph {vamp, rPois
                  | rC+++ Int-2}
 43003 | Zot:4    | Paralysed by a Zot trap for 5 turns
 43027 | Zot:4    | Noticed a Killer Klown
 43039 | Zot:3    | Killed a Killer Klown
 43486 | Zot:3    | Reached XP level 25. HP: 247/257 MP: 18/23
 44732 | Zot:5    | Entered Level 5 of the Realm of Zot
 44897 | Zot:5    | Found a transporter.
 44899 | Zot:5    | Found a transporter.
 44901 | Zot:5    | Found a transporter.
 44901 | Zot:5    | Found a transporter.
 44926 | Zot:5    | Upgraded the game from 0.30-a0-953-g5f1da4a474 to
                  | 0.30-a0-956-gcec3b41aec
 45229 | Zot:5    | Noticed a dread lich
 45241 | Zot:5    | Noticed an orb of fire
 45245 | Zot:5    | Noticed an orb of fire
 45249 | Zot:5    | Noticed an orb of fire
 45254 | Zot:5    | Killed an orb of fire
 45260 | Zot:5    | Noticed an orb of fire
 45262 | Zot:5    | Gained mutation: Your body sometimes deteriorates upon
                  | taking damage. [an orb of fire]
 45265 | Zot:5    | Killed an orb of fire
 45265 | Zot:5    | Gained mutation: You sometimes lose your temper in combat.
                  | [an orb of fire]
 45266 | Zot:5    | Noticed an orb of fire
 45272 | Zot:5    | Killed an orb of fire
 45275 | Zot:5    | Gained mutation: You are frail. (-10% HP) [an orb of fire]
 45278 | Zot:5    | Killed a dread lich
 45279 | Zot:5    | Gained mutation: You are vulnerable to cold. (rC-) [an orb
                  | of fire]
 45283 | Zot:5    | Killed an orb of fire
 45283 | Zot:5    | Noticed a dread lich
 45285 | Zot:5    | Gained mutation: You are very frail. (-20% HP) [an orb of
                  | fire]
 45287 | Zot:5    | Killed an orb of fire
 45289 | Zot:5    | Lost mutation: You are vulnerable to cold. (rC-) [potion of
                  | mutation]
 45289 | Zot:5    | Lost mutation: You are very frail. (-20% HP) [potion of
                  | mutation]
 45289 | Zot:5    | Lost mutation: You are frail. (-10% HP) [potion of
                  | mutation]
 45289 | Zot:5    | Gained mutation: You are somewhat resistant to further
                  | mutation. [potion of mutation]
 45290 | Zot:5    | Lost mutation: Your body sometimes deteriorates upon taking
                  | damage. [potion of mutation]
 45290 | Zot:5    | Lost mutation: You sometimes lose your temper in combat.
                  | [potion of mutation]
 45290 | Zot:5    | Lost mutation: You are somewhat resistant to further
                  | mutation. [potion of mutation]
 45290 | Zot:5    | Gained mutation: Your body sometimes deteriorates upon
                  | taking damage. [potion of mutation]
 45309 | Zot:5    | Killed a dread lich
 45329 | Zot:5    | Noticed an ancient lich
 45341 | Zot:5    | Noticed an orb of fire
 45343 | Zot:5    | Gained mutation: Your skin changes colour to match your
                  | surroundings (Stealth+). [an orb of fire]
 45344 | Zot:5    | Noticed an orb of fire
 45354 | Zot:5    | Noticed a Killer Klown
 45357 | Zot:5    | Noticed an orb of fire
 45360 | Zot:5    | Killed an orb of fire
 45366 | Zot:5    | Killed an ancient lich
 45367 | Zot:5    | Noticed a Killer Klown
 45369 | Zot:5    | Killed an orb of fire
 45381 | Zot:5    | Gained mutation: Your magical capacity is low. (-10% MP)
                  | [an orb of fire]
 45385 | Zot:5    | Killed an orb of fire
 45404 | Zot:5    | Killed a Killer Klown
 45408 | Zot:5    | Killed a Killer Klown
 45483 | Zot:5    | Noticed an orb of fire
 45486 | Zot:5    | Noticed a dread lich
 45499 | Zot:5    | Gained mutation: Your magical capacity is very low. (-20%
                  | MP) [an orb of fire]
 45500 | Zot:5    | Killed an orb of fire
 45501 | Zot:5    | Reached XP level 26. HP: 256/266 MP: 11/18
 45505 | Zot:5    | Killed a dread lich
 45609 | Zot:5    | Noticed an orb of fire
 45818 | Zot:5    | Gained mutation: Your body often deteriorates upon taking
                  | damage. [an orb of fire]
 45835 | Zot:5    | Killed an orb of fire
 46263 | Zot:5    | Got the Orb of Zot
 46300 | Zot:5    | Noticed Kerowuq the pandemonium lord
 46609 | Depths:1 | Noticed Fasmerim the pandemonium lord
 46762 | D:10     | Noticed Igoippio the pandemonium lord
 46912 | D:5      | Noticed Juraapec the pandemonium lord
 47002 | D:$      | Escaped with the Orb!

Illustrated notes

Levels and vault maps discovered:
D:1:      mrwooster_arrival_statue_2, layout_loops_ring,
          nicolae_shop_unique_rings, minmay_tetromino_t2
D:2:      layout_basic, basic_ecumenical_altar
D:3:      minmay_evil_eye, layout_basic, mainiacjoe_overflow_catwalk,
          ashenzari_altar_1, kennysheep_doodads
D:4:      layout_cave_pods, grunt_gozag_statues, minmay_starry_boxes
D:5:      layout_cave_pools, minmay_temple_entry_statues_fountains,
          kennysheep_generic_room_8, uniq_eustachio, uniq_sigmund, uniq_ijyb
D:6:      layout_rooms, serial_glass, glass_columns_a, glass_columns_b,
          uniq_duvessa, uniq_pikel
D:7:      layout_gridville, gammafunk_temple_overflow_pools, uniq_menkaure
D:8:      layout_gridville, overflow_temple_1_default, serial_bayou_pond_e,
          nicolae_diode_stairs, uniq_prince_ribbit1, uniq_maggie
D:9:      minmay_the_grid_octo_2x2 [minmay_the_grid_octo_clover_2,
          minmay_the_grid_octo_tetromino_candy, minmay_the_grid_octo_horde,
          minmay_the_grid_octo_prize_ultimate_mussel_roller],
          layout_loops_corners, lair_entry_dummy, hangedman_incinerator
D:10:     layout_loops_corners, erik_orc_1, nicolae_wwwww, uniq_harold,
          uniq_gastronok
D:11:     layout_loops_ring, nicolae_good_shop
D:12:     minmay_shrinking_squares, layout_loops_ring
D:13:     layout_cave_pools, uniq_nessos
D:14:     layout_loops_ring, ximxim_vaults_locker_room, minmay_splitting_lines,
          serial_shops, shop, nicolae_concentric_dashed_squares_mild,
          onia_ninara_cookie
D:15:     grunt_enter_depths_giant_problem, layout_layer_cave,
          nicolae_elyvilon_peaceful_grove, uniq_louise
Lair:1:   layout_cave_pods, uniq_sonja, uniq_amaemon
Lair:2:   layout_hall_layers
Lair:3:   layout_cave_pods, minmay_swamp_entry_eels,
          nicolae_spider_entry_non_spiders, hangedman_lair_unloving_vines
Lair:4:   layout_loops_ring, slime_entry_1, gammafunk_ghost_hive, worms_lemuel,
          serial_bayou_shore_a
Lair:5:   minmay_lair_end_enchanted_forest, layout_cave_pods
Swamp:1:  layout_falls_marsh, evilmike_swamp_ruin_house_5, swamp_pool1,
          hangedman_swamp_dais, infiniplex_staircase_pool
Swamp:2:  layout_basic_swamp, evilmike_swamp_ruin_rubble_2, swamp_pool5
Swamp:3:  layout_falls_marsh, hangedman_swamp_ruin_hall, uniq_mlioglotl
Swamp:4:  swamp, layout_basic_swamp, portal_ice_cave_entry_pillars_three
Spider:1: layout_spider_delve, hellmonk_deceptive_appearances
Spider:2: nicolae_spider_hilbert_zone_2 [nicolae_spider_hilbert_4_sides_1_open,
          nicolae_spider_hilbert_4_sides_1_open,
          nicolae_spider_hilbert_4_sides_1_open,
          nicolae_spider_hilbert_4_sides_1_open,
          nicolae_spider_hilbert_6_sides_1_open,
          nicolae_spider_hilbert_6_sides_1_open,
          nicolae_spider_hilbert_3_sides_1_open,
          nicolae_spider_hilbert_3_sides_1_open,
          nicolae_spider_hilbert_3_sides_1_open,
          nicolae_spider_hilbert_3_sides_1_open,
          nicolae_spider_hilbert_6_sides_1_open,
          nicolae_spider_hilbert_6_sides_1_open,
          nicolae_spider_hilbert_6_sides_1_open,
          nicolae_spider_hilbert_6_sides_1_open], hellmonk_test_site,
          uniq_arachne, uniq_aizul, uniq_asterion
Spider:3: layout_spider_delve
Spider:4: spider_rune_water
Orc:1:    layout_caves, serial_shops
Orc:2:    grunt_orc_gardens, layout_diamond_mine, grunt_orc_garden,
          grunt_orc_garden, grunt_orc_garden, grunt_orc_garden, serial_shops,
          nicolae_shop_hallway_stairs
Elf:1:    kennysheep_blocky_room, layout_geoelf_diagonals,
          hangedman_elf_represent, uniq_nikola
Elf:2:    nicolae_elf_blades_splatter_lattice
          [nicolae_blade_entry_floor_patterns], layout_rooms
Elf:3:    grunt_elf_hall_branching, layout_loops_ring, serial_shops,
          nicolae_shop_stone
Vaults:1: ontoclasm_vaults_decontamination, nicolae_vaults_diagonal_hallway_6,
          nicolae_vaults_network_s, grunt_vaults_trifunnel,
          vaults_room_ringed_pool, ontoclasm_vaults_ring_large,
          hangedman_vaults_river_flow, vaults_room_semicircle,
          nicolae_vaults_network_square, vaults_room_semicircle,
          ontoclasm_vaults_claustrophobia, nicolae_vaults_bisected_exclaves,
          vaults_dpeg_emergency_exit, v_misc_1, vaults_dpeg_encased_lava,
          nicolae_vaults_little_squares_2, layout_vaults_maze
Vaults:2: minmay_crypt_entry_simple_round, v_misc_1,
          vaults_mumra_minichess_inversion, ontoclasm_vaults_hangar,
          hangedman_vaults_nails, vaults_room_fours, hangedman_vaults_nails,
          layout_vaults_omnigrid, uniq_margery, uniq_saint_roka
Vaults:3: grunt_vaults_funnel, nicolae_vaults_three_branches,
          nicolae_vaults_bisected_slash, nicolae_vaults_big_ls,
          vaults_dpeg_doors, nicolae_vaults_little_ls,
          vaults_room_grunt_arrival_ludios, nicolae_vaults_octagons,
          ontoclasm_vaults_shuriken, dpeg_vaults_monster_box,
          nicolae_vaults_windows_and_doors_thing, vaults_room_semicircle,
          layout_vaults_omnicross
Vaults:4: vaults_mumra_chevron, nicolae_vaults_ring_of_whatevers,
          ontoclasm_vaults_chip, hangedman_vaults_capsules,
          vaults_standard_mumra_x, vaults_mumra_minichess, v_misc_29,
          nicolae_vaults_angled_halls, nicolae_vaults_network_star,
          ontoclasm_vaults_bender, nicolae_vaults_little_squares_3,
          vaults_dpeg_hooks, layout_vaults_omnibox
Vaults:5
Crypt:1:  layout_gridlike, gammafunk_ghost_crypt, grunt_megastairs_5,
          uniq_sojobo
Crypt:2:  layout_basic
Depths:1: layout_gridlike, serial_shops, shop, hell_entry, okawaru_trees_1,
          pan_entry, hangedman_decor_clover_reticule, kennysheep_four_rooms
Depths:2: minmay_four_inscribed_fans, layout_twisted_cross, enter_ziggurat_c,
          grunt_mini_vestibule, kennysheep_minor_cross, pan_entry,
          serial_bayou_shore_b, serial_bayou_shore_b, serial_bayou_shore_b,
          uniq_josephina
Depths:3: lemuel_flame_loot_2, layout_basic, rand_demon_pan_entry_7,
          kiku_gazebo_pond_becter, grunt_hell_entry_dis_old, abyss_entry,
          serial_glass, glass_columns_c, glass_columns_b, minmay_misc_feat_five,
          infiniplex_staircase_pillars_1, uniq_mara
Depths:4: grunt_zot_entry_bicorn, layout_honeycomb, hangedman_coc_ice_floe,
          fedhas_altar_1, abyss_entry_small_statue_room
Zot:1:    layout_gridlike, uniq_vv
Zot:2:    gammafunk_sealed_library, layout_misc_corridors
Zot:3:    layout_twisted_circle, grunt_megastairs_4
Zot:4:    lemuel_acid_trip, layout_concentric_octagons, zot_minivault_5
Zot:5:    layout_cathedral_of_symmetry, nicolae_diode_quadrants

Skill      XL: |  1  2  3  4  5  6  7  8  9 10 11 12 13 14 15 16 17 18 19 20 21 22 23 24 25 26 |
---------------+-------------------------------------------------------------------------------+-----
Ranged Weapons | 1 2 3 4 5 6 |  6.5
Fighting       | 4 5 6 7 9 10 12 14 15 17 18 19 21 23 | 23.3
Maces & Flails | 5 8 11 14 15 18 | 18.0
Armour         | 2 4 10 14 17 19 20 | 20.7
Evocations     | 4 7 8 10 12 14 17 18 22 | 22.7
Shields        | 5 9 11 12 13 15 16 17 19 20 22 | 22.4
Dodging        | 4 10 12 14 15 18 20 21 23 24 | 24.9
Throwing       | 6 |  6.7
Axes           | |  2.4
Stealth        | |  4.1

Action                     |  1- 3 |  4- 6 |  7- 9 | 10-12 | 13-15 | 16-18 | 19-21 | 22-24 | 25-27 || total
---------------------------+-------+-------+-------+-------+-------+-------+-------+-------+-------++-------
  Melee: Headbutt          |     1 |       |    19 |   104 |   201 |   390 |   592 |   672 |   268 ||  2247
         Hand axe          |     1 |       |       |       |       |       |       |       |       ||     1
         Morningstar       |       |       |   114 |   393 |   734 |  1253 |  1495 |  1578 |   625 ||  6192
         Punch             |       |       |     1 |     2 |       |       |       |       |       ||     3
   Fire: Arbalest          |    96 |   101 |    57 |       |       |       |       |       |       ||   254
  Throw: Throwing net      |       |       |       |     2 |     4 |       |       |     1 |       ||     7
 Invoke: Curse Item        |     1 |     3 |       |     3 |     4 |     1 |     3 |     3 |       ||    18
         Shatter the Chain |       |       |       |       |     3 |       |     2 |     3 |       ||     8
  Evoke: Wand              |       |       |       |     2 |     7 |     8 |     8 |       |     4 ||    29
         Tin of tremorston |       |       |       |       |       |       |     9 |     6 |     2 ||    17
         Condenser vane    |       |       |       |       |       |       |     6 |     4 |     5 ||    15
         Phial of floods   |       |       |       |       |       |       |     1 |     3 |       ||     4
         Box of beasts     |       |       |       |       |       |       |       |     3 |     2 ||     5
    Use: Scroll            |     1 |     2 |       |     5 |     3 |     4 |     5 |     6 |     7 ||    33
         Potion            |     1 |       |       |     2 |       |     4 |    10 |     4 |    18 ||    39
   Stab: Sleeping          |       |       |     1 |       |     6 |       |       |       |       ||     7
         Held in net/web   |       |       |       |     2 |     1 |       |       |       |       ||     3
         Invisible         |       |       |       |       |     3 |     3 |     3 |       |       ||     9
         Distracted        |       |       |       |       |     2 |     1 |       |     1 |       ||     4
 Armour: Leather armour    |    12 |     7 |    53 |    71 |     6 |       |       |       |       ||   149
         Steam dragon scal |       |       |       |       |    47 |       |       |       |       ||    47
         Plate armour      |       |       |       |       |    85 |   436 |   348 |   410 |   168 ||  1447
  Dodge: Dodged            |    38 |    29 |   119 |   131 |   240 |   566 |   527 |   675 |   268 ||  2593
  Block: Kite shield       |       |       |       |   135 |   631 |  1345 |  1293 |  1436 |   472 ||  5312

Table legend: (Time is in decaauts)
 A = Elapsed time spent in this place.
 B = Non-inter-level travel time spent in this place.
 C = Inter-level travel time spent in this place.
 D = Time resting spent in this place.
 E = Time spent auto-exploring this place.
 F = Levels seen in this place.
 G = Mean time per level.
                   A        B        C        D        E       F      G
               +--------+--------+--------+--------+--------+-----+--------+
         Total |  45562 |  40249 |   5313 |   1141 |  28335 |  51 |  893.4 |
       Dungeon |  14933 |  12059 |   2874 |    203 |   9414 |  15 |  995.5 |
          Lair |   4718 |   4299 |    419 |     17 |   3563 |   5 |  943.6 |
         Swamp |   2678 |   2514 |    164 |     55 |   1771 |   4 |  669.5 |
   Spider Nest |   3145 |   2966 |    179 |      9 |   1947 |   4 |  786.2 |
  Orcish Mines |   1067 |    895 |    172 |      0 |    691 |   2 |  533.5 |
   Elven Halls |   2694 |   2485 |    209 |    276 |   1518 |   3 |  898.0 |
        Vaults |   6338 |   5778 |    560 |    129 |   3847 |   5 | 1267.6 |
         Crypt |   1386 |   1332 |     54 |    138 |    784 |   2 |  693.0 |
        Depths |   4525 |   4083 |    442 |     44 |   2739 |   4 | 1131.2 |
           Zot |   3823 |   3587 |    236 |    270 |   1936 |   5 |  764.6 |
         Abyss |     58 |     58 |      0 |      0 |     40 |   1 |   58.0 |
      Ice Cave |    192 |    192 |      0 |      0 |     83 |   1 |  192.0 |
               +--------+--------+--------+--------+--------+-----+--------+

Top non-repeatable levels by time:
    D:10: 1724 daAuts
Vaults:3: 1458 daAuts
     D:9: 1452 daAuts
    D:15: 1432 daAuts
   Zot:5: 1414 daAuts
Vaults:2: 1411 daAuts
Depths:2: 1359 daAuts
   Zot:4: 1321 daAuts
Vaults:1: 1275 daAuts
    D:14: 1199 daAuts
     D:4: 1180 daAuts
Vaults:5: 1168 daAuts
Depths:1: 1114 daAuts
Depths:3: 1101 daAuts
Spider:2: 1067 daAuts
